[Event "December 5 Early 2023"]
[Site "https://www.chess.com"]
[Date "2023.12.05"]
[Round "8"]
[White "Espinoza Villanueva, Rodrigo"]
[Black "Lehtosaari, Mauri"]
[Result "1/2-1/2"]
[Board "95"]
[TimeControl "180+1"]
[WhiteFideId "5140188"]
[BlackFideId "501999"]
[WhiteElo "2598"]
[BlackElo "2486"]
[WhiteTeam "MEX"]
[BlackTeam "FIN"]
[WhiteClock "0:00:06"]
[BlackClock "0:00:07"]

1. d4 d5 2. c4 c6 3. Nc3 Nf6 4. e3 a6 5. c5 Bf5 6. Nf3 Nbd7 7. Be2 h6 8. O-O Qc7 9. b4 e5 10. a4 Be7 11. Bd2 O-O 12. Qb3 Bg4 13. Rfb1 Rfb8 14. b5 axb5 15. axb5 Bxf3 16. Bxf3 exd4 17. exd4 Nf8 18. g3 Ne6 19. Ne2 Nh7 20. Bg4 Nhf8 21. Be3 Bf6 22. h4 Rxa1 23. Rxa1 Nxc5 24. Qa3 Nce6 25. Rb1 Qd8 26. Qa7 cxb5 27. Rxb5 b6 28. Bf3 Qd6 29. Rxd5 Qc7 30. Qa2 b5 31. Qb3 b4 32. Kg2 Ng6 33. Qd3 Ne7 34. Rb5 Qd8 35. d5 Nf8 36. Bd2 Rxb5 37. Qxb5 Bc3 38. Nxc3 bxc3 39. Bxc3 Nfg6 40. Qc5 Nf5 41. Qc4 Nd6 42. Qd4 f6 43. Qd3 Ne5 44. Bxe5 fxe5 45. Qg6 Qe7 46. h5 e4 47. Bg4 Kf8 48. Be6 Qf6 49. Qg4 Ke7 50. Kf1 Qa1+ 51. Kg2 Qe5 52. Qg6 Qf6 53. Qxf6+ Kxf6 54. Kf1 Ke5 55. Ke2 Nc4 56. Bg8 Nb6 57. Ke3 Nxd5+ 58. Bxd5 Kxd5 59. f3 exf3 60. Kxf3 Ke5 61. g4 Ke6 62. Kf4 Kf6 63. Kf3 Ke5 64. Ke3 Ke6 65. Kf4 Kf6 66. Kg3 Ke5 67. Kf3 Ke6 68. Kf4 1/2-1/2

[Event "December 5 Early 2023"]
[Site "https://www.chess.com"]
[Date "2023.12.05"]
[Round "8"]
[White "Malyi, Viacheslav"]
[Black "Tabuenca Mendataurigoitia, Daniel"]
[Result "1/2-1/2"]
[Board "96"]
[TimeControl "180+1"]
[WhiteFideId "14123983"]
[BlackFideId "24563617"]
[WhiteElo "2577"]
[BlackElo "2485"]
[WhiteTeam "UKR"]
[BlackTeam "ESP"]
[WhiteClock "0:02:10"]
[BlackClock "0:02:45"]

1. e4 Nc6 2. Nf3 d6 3. Nc3 g6 4. d4 Nf6 5. Be2 Bg7 6. O-O O-O 7. h3 e5 8. dxe5 Nxe5 9. Nxe5 dxe5 10. Qxd8 Rxd8 11. Bg5 c6 12. Rfd1 Be6 13. Rxd8+ Rxd8 14. Rd1 Rxd1+ 15. Bxd1 h6 16. Be3 b6 17. a4 Nd7 18. a5 Kf8 19. axb6 axb6 20. Na4 b5 21. Nc5 Nxc5 22. Bxc5+ Ke8 23. f3 g5 24. Kf2 Bf8 25. Bxf8 Kxf8 26. b4 f6 27. Ke3 Bc4 28. Be2 Bxe2 29. Kxe2 Ke7 30. g4 Kd6 31. c3 c5 32. Kd2 c4 33. Ke3 Ke6 34. Ke2 Kf7 35. Ke3 Kg6 36. Ke2 h5 37. Ke3 h4 38. Ke2 Kf7 39. Kf2 Ke7 40. Ke2 Kd7 41. Kf2 Kc7 42. Ke2 Kb7 43. Kf2 Ka7 44. Ke2 Ka8 45. Kf2 Kb8 46. Ke2 Kc8 47. Kf2 Kd8 48. Ke2 Ke8 49. Kf2 Kf8 50. Ke2 Kg8 51. Kf2 Kh8 52. Ke2 Kh7 53. Kf2 Kh6 54. Ke2 Kg6 55. Kf2 Kg7 56. Ke2 Kf7 57. Kf2 Ke7 58. Ke2 Ke6 59. Kf2 Kd6 60. Ke2 Kd7 61. Kf2 Kc7 62. Ke2 Kc6 63. Kf2 Kb6 64. Ke2 Kb7 65. Kf2 Ka7 66. Ke2 Ka6 67. Kf2 Ka7 1/2-1/2

[Event "December 5 Early 2023"]
[Site "https://www.chess.com"]
[Date "2023.12.05"]
[Round "8"]
[White "Tologon tegin, Semetei"]
[Black "Kovalevsky, Stanislav"]
[Result "1-0"]
[Board "97"]
[TimeControl "180+1"]
[WhiteFideId "13800574"]
[BlackFideId "13508598"]
[WhiteElo "2569"]
[BlackElo "2485"]
[WhiteTeam "KGZ"]
[BlackTeam "FID"]
[WhiteClock "0:00:06"]
[BlackClock "0:00:01"]

1. Nf3 d5 2. e3 Nf6 3. d4 c6 4. c4 Ne4 5. h3 f5 6. Be2 e6 7. Nbd2 Nd7 8. Qc2 Bd6 9. b3 O-O 10. Bb2 a5 11. a3 h6 12. g4 Nxd2 13. Nxd2 f4 14. e4 e5 15. exd5 cxd5 16. cxd5 exd4 17. Bxd4 Be5 18. Qb2 Qe7 19. Nf3 Bxd4 20. Qxd4 Re8 21. Ra2 a4 22. b4 b6 23. O-O Nf6 24. Bc4 Qd6 25. Re1 Bb7 26. Rae2 Rxe2 27. Rxe2 Nxd5 28. Rd2 Rd8 29. Ne5 f3 30. Qe4 Kf8 31. Qxf3+ Qf6 32. Ng6+ Ke8 33. Re2+ Kf7 34. Re7+ Kxg6 35. Bd3+ Kg5 36. Qg3 Qxe7 37. h4+ Kf6 38. Qf3+ Ke6 39. Bf5+ Kd6 40. Qg3+ Qe5 41. Qd3 Qf4 42. Qb5 Ke5 43. Qe2+ Kf6 44. Qe6# 1-0

[Event "December 5 Early 2023"]
[Site "https://www.chess.com"]
[Date "2023.12.05"]
[Round "8"]
[White "Truskavetsky, Alexandr"]
[Black "NovakRatko"]
[Result "1-0"]
[Board "98"]
[TimeControl "180+1"]
[WhiteFideId "14108577"]
[WhiteElo "2563"]
[BlackElo "2478"]
[WhiteTeam "RUS"]
[WhiteClock "0:01:38"]
[BlackClock "0:00:10"]

1. d4 d5 2. c4 c5 3. dxc5 d4 4. Nf3 Nc6 5. e3 e5 6. exd4 exd4 7. Bd3 Bxc5 8. O-O Nge7 9. a3 a5 10. b3 O-O 11. Bb2 Bg4 12. Bxh7+ Kxh7 13. Ng5+ Kg6 14. Qxg4 f5 15. Qg3 Bd6 16. f4 Qb6 17. Re1 Rf6 18. Ne6+ Kf7 19. Qxg7+ Ke8 20. Qxf6 Kd7 21. Nd2 d3+ 22. Kh1 Qf2 23. Nf3 Rg8 24. Neg5 Rg6 25. Qf7 Qxb2 26. Rad1 Qxb3 27. c5 Bxf4 28. Qxb3 Bxg5 29. Qxd3+ Kc7 30. Nxg5 Rxg5 31. Rxe7+ 1-0

[Event "December 5 Early 2023"]
[Site "https://www.chess.com"]
[Date "2023.12.05"]
[Round "8"]
[White "Vivaan Vishal Shah"]
[Black "Jovic, Stanoje"]
[Result "0-1"]
[Board "99"]
[TimeControl "180+1"]
[WhiteFideId "25184237"]
[BlackFideId "905020"]
[WhiteElo "2563"]
[BlackElo "2462"]
[WhiteTeam "IND"]
[BlackTeam "SRB"]
[WhiteClock "0:00:10"]
[BlackClock "0:00:43"]

1. e4 c6 2. Nc3 d5 3. exd5 cxd5 4. d4 Nc6 5. Nf3 Bg4 6. Bd3 e6 7. O-O Bd6 8. Be3 Nf6 9. h3 Bh5 10. Re1 O-O 11. Qe2 Rc8 12. Rad1 a6 13. a3 b5 14. Nb1 Bb8 15. Nbd2 Na5 16. g4 Bg6 17. b3 Qc7 18. Ne5 Nd7 19. Bf4 Nxe5 20. Bxe5 Qe7 21. f4 Bxd3 22. Qxd3 Qxa3 23. Bxb8 Rxb8 24. Ra1 Qd6 25. Rxa5 Qxf4 26. Rxa6 b4 27. Qe3 Qc7 28. Qd3 Rbc8 29. Nf3 Qg3+ 30. Kh1 Rc3 31. Qxc3 bxc3 32. Rf1 Qxh3+ 33. Kg1 Qg3+ 34. Kh1 f5 35. g5 h6 36. gxh6 Rf6 37. Ra8+ Kh7 38. Nh2 0-1

[Event "December 5 Early 2023"]
[Site "https://www.chess.com"]
[Date "2023.12.05"]
[Round "8"]
[White "Mizzi, Jack"]
[Black "Santos Flores, Alberto"]
[Result "1-0"]
[Board "101"]
[TimeControl "180+1"]
[WhiteFideId "5602521"]
[BlackFideId "3601234"]
[WhiteElo "2454"]
[BlackElo "2554"]
[WhiteTeam "MLT"]
[BlackTeam "ECU"]
[WhiteClock "0:00:27"]
[BlackClock "0:01:18"]

1. d4 Nf6 2. c4 d6 3. g3 e5 4. dxe5 dxe5 5. Qxd8+ Kxd8 6. Bg2 c6 7. Nf3 Bd6 8. O-O Kc7 9. Nc3 Be6 10. b3 h6 11. Bb2 Nbd7 12. Rfd1 Rad8 13. Rac1 Bf5 14. Na4 Rhe8 15. c5 Bf8 16. Bc3 Nd5 17. Ba5+ b6 18. cxb6+ axb6 19. Be1 Kb7 20. Nh4 Be6 21. e4 N5f6 22. Nf5 g6 23. Nd6+ Bxd6 24. Rxd6 Nb8 25. Bb4 c5 26. Rxb6+ Ka8 27. Rxc5 Rd7 28. Ra5+ Ra7 29. Rxa7+ Kxa7 30. Bc5 Nbd7 31. Rxe6+ Nxc5 32. Rxe8 1-0

[Event "December 5 Early 2023"]
[Site "https://www.chess.com"]
[Date "2023.12.05"]
[Round "8"]
[White "Hajiyev, Kanan"]
[Black "Azar, Sebastien"]
[Result "1-0"]
[Board "102"]
[TimeControl "180+1"]
[WhiteFideId "13404148"]
[BlackFideId "2640198"]
[WhiteElo "2544"]
[BlackElo "2437"]
[WhiteTeam "AZE"]
[BlackTeam "CAN"]
[WhiteClock "0:00:50"]
[BlackClock "0:00:05"]

1. d4 d5 2. Nf3 Nf6 3. c4 c6 4. cxd5 cxd5 5. Nc3 Nc6 6. Bg5 Ne4 7. Bf4 Bf5 8. Qb3 Nxc3 9. bxc3 Qd7 10. e3 e6 11. Bb5 f6 12. O-O Bd6 13. Bxd6 Qxd6 14. c4 O-O 15. cxd5 exd5 16. Bxc6 bxc6 17. Rac1 Rfc8 18. Rc5 Bd7 19. Rfc1 Rab8 20. Qa3 Rb7 21. h3 Rcb8 22. Ra5 Qxa3 23. Rxa3 Rb1 24. Rxb1 Rxb1+ 25. Kh2 Rb7 26. g4 Kf7 27. Kg3 Ke6 28. Ne1 Kd6 29. Nd3 g6 30. Nc5 Rc7 31. Rb3 Bc8 32. a4 f5 33. g5 Re7 34. Rb8 Kc7 35. Rb2 Rg7 36. Kf4 Re7 37. h4 Rg7 38. Ke5 Rf7 39. a5 f4 40. Ne6+ Kd7 41. Nc5+ Ke7 42. e4 dxe4 43. Kxe4 Kd6 44. Rb8 Bf5+ 45. Kxf4 Kd5 46. Rd8+ Kc4 47. Ke5 Re7+ 48. Kf6 Re2 49. f4 Rh2 50. Nb7 Rxh4 51. Nd6+ Kb4 52. Nxf5 gxf5 53. Kxf5 Kxa5 54. Rd6 Kb6 55. d5 Kc5 56. Rxc6+ Kxd5 57. Ra6 Rh1 58. Rxa7 h5 59. Rd7+ Kc6 60. Rd2 h4 61. Kg4 h3 62. Kg3 Rg1+ 63. Kxh3 Kc5 64. Kh4 Kc4 65. Kh5 Kc3 1-0

[Event "December 5 Early 2023"]
[Site "https://www.chess.com"]
[Date "2023.12.05"]
[Round "8"]
[White "Goldin, Roman"]
[Black "Osmak, Yuliia"]
[Result "0-1"]
[Board "103"]
[TimeControl "180+1"]
[WhiteFideId "2803860"]
[BlackFideId "14101602"]
[WhiteElo "2437"]
[BlackElo "2541"]
[WhiteTeam "ISR"]
[BlackTeam "UKR"]
[WhiteClock "0:00:00"]
[BlackClock "0:00:05"]

1. e4 c5 2. Nf3 Nc6 3. c3 Nf6 4. e5 Nd5 5. g3 d6 6. exd6 Qxd6 7. Bg2 g6 8. O-O Bg7 9. Re1 O-O 10. d3 Bg4 11. Na3 Rad8 12. Nc4 Qd7 13. a4 e5 14. Qb3 Rfe8 15. Bg5 f6 16. Bd2 Kh8 17. h4 b6 18. a5 Qf5 19. Nh2 Bh3 20. axb6 Bxg2 21. Kxg2 axb6 22. Nxb6 Qxd3 23. Nxd5 Rxd5 24. Be3 c4 25. Qa4 Rc8 26. Rad1 Qe4+ 27. f3 Rxd1 28. fxe4 Rxe1 29. Qa6 Ne7 30. Bf2 Rd1 31. Qe6 Re8 32. Ng4 Rd2 33. Nxf6 Rf8 34. Ng4 Ng8 35. Kh3 h5 36. Be3 hxg4+ 37. Qxg4 Rxb2 38. Qxg6 Rb7 39. Qh5+ Nh6 40. Bxh6 Kg8 41. Bxg7 Rxg7 42. Qxe5 Rf3 43. Qe6+ Kh7 44. Kh2 Rgxg3 45. Qe7+ Rg7 0-1

[Event "December 5 Early 2023"]
[Site "https://www.chess.com"]
[Date "2023.12.05"]
[Round "8"]
[White "Baziuk, Vladyslav"]
[Black "Kiremitciyan, Ari"]
[Result "0-1"]
[Board "104"]
[TimeControl "180+1"]
[WhiteFideId "34107940"]
[BlackFideId "6373445"]
[WhiteElo "2528"]
[BlackElo "2414"]
[WhiteTeam "UKR"]
[BlackTeam "TUR"]
[WhiteClock "0:00:17"]
[BlackClock "0:00:03"]

1. e4 c6 2. Nc3 d5 3. Nf3 dxe4 4. Nxe4 Nf6 5. Qe2 Nxe4 6. Qxe4 Qd5 7. Qf4 Qf5 8. Qe3 Qe6 9. d4 g6 10. Bd3 Bg7 11. O-O Qxe3 12. Bxe3 Nd7 13. Rfe1 O-O 14. h3 e6 15. c4 b6 16. Rad1 Bb7 17. b3 c5 18. dxc5 Nxc5 19. Bxc5 bxc5 20. Be4 Bxe4 21. Rxe4 Rfd8 22. Ree1 Bc3 23. Rxd8+ Rxd8 24. Rc1 Bf6 25. Kf1 Kf8 26. Ke2 Ke7 27. Rd1 Rb8 28. Nd2 Bd4 29. Nf3 e5 30. Nxd4 exd4 31. Kd3 a5 32. Ke4 Kd6 33. Kd3 Re8 34. g4 Re5 35. a3 h5 36. b4 axb4 37. axb4 hxg4 38. hxg4 Rg5 39. bxc5+ Kxc5 40. f3 f5 41. Rc1 fxg4 42. Rg1 g3 43. f4 Rg4 44. Ke4 Kxc4 45. Kf3 Rh4 46. Rxg3 d3 47. Rxg6 Kc3 48. f5 Rd4 49. Rc6+ Kb3 50. Ke3 d2 51. Kxd4 d1=Q+ 52. Ke5 Qe2+ 53. Kf6 Qb2+ 54. Kf7 Qe5 55. f6 Qd5+ 56. Re6 Kc4 57. Ke7 Qb7+ 58. Kf8 Kd5 59. Re7 Qc8+ 60. Re8 Qc5+ 61. Kg7 Qc7+ 62. f7 Qg3+ 63. Kf8 Qd6+ 64. Kg8 Qg6+ 65. Kf8 Qh6+ 66. Ke7 Qd6# 0-1

[Event "December 5 Early 2023"]
[Site "https://www.chess.com"]
[Date "2023.12.05"]
[Round "8"]
[White "Baches Garcia, Guillermo"]
[Black "Buchenau, Frank"]
[Result "0-1"]
[Board "105"]
[TimeControl "180+1"]
[WhiteFideId "2209764"]
[BlackFideId "4604350"]
[WhiteElo "2525"]
[BlackElo "2390"]
[WhiteTeam "ESP"]
[BlackTeam "GER"]
[WhiteClock "0:00:08"]
[BlackClock "0:00:09"]

1. d4 e6 2. Nf3 Nf6 3. Bg5 c5 4. e3 Be7 5. Nbd2 b6 6. Bd3 Bb7 7. Qe2 cxd4 8. exd4 Nd5 9. Bxe7 Qxe7 10. g3 Nb4 11. Be4 d5 12. Bd3 Nxd3+ 13. Qxd3 Ba6 14. Qe3 Nc6 15. c3 Rc8 16. Ne5 Nxe5 17. dxe5 Qc5 18. Nb3 Qxe3+ 19. fxe3 f6 20. exf6 gxf6 21. Nd4 Ke7 22. O-O-O h5 23. Rhe1 h4 24. e4 dxe4 25. Rxe4 e5 26. Nf5+ Ke6 27. Nxh4 Bb7 28. Re3 Rcd8 29. Rf1 Rd6 30. Rf2 Rhd8 31. Kc2 Bc6 32. Nf5 Rd1 33. Nd4+ R8xd4 34. cxd4 Rxd4 35. Rd2 Be4+ 36. Kc3 Kd5 37. h4 Kc5 38. b3 a5 39. h5 b5 40. Ree2 b4+ 41. Kb2 Bd3 42. Re3 e4 43. h6 f5 44. h7 Rd8 45. Rh2 Rh8 46. g4 Kd4 47. Rg3 f4 48. Rg1 f3 49. g5 e3 50. g6 Bxg6 51. Rxg6 f2 52. Rg8 Rxh7 53. Rxh7 f1=Q 54. Rd7+ Kc5 55. Rc8+ Kb6 56. Rcd8 Qf6+ 57. Kc1 Qf1+ 58. Kc2 Qf5+ 59. Kc1 Qe4 60. Rd6+ Kc7 61. R6d7+ Kc6 62. Rd4 Qh1+ 63. Kb2 Qg2+ 64. Kb1 e2 65. Rc4+ Kb7 66. Rd7+ Kb8 67. Rd8+ Kb7 68. Rd7+ Kb6 69. Rd6+ Kb5 70. Re6 Qf1+ 71. Kb2 e1=Q 72. Rxe1 Qxe1 73. Rc2 Qe5+ 74. Kb1 Qd4 75. Kc1 Qd3 76. Kb1 Qd1+ 77. Kb2 Qd3 78. Kb1 Qd4 79. Kc1 Qe4 80. Kb1 Qh1+ 81. Kb2 Qh7 82. Kb1 Qg7 83. Kc1 Qd4 84. Kb1 a4 85. bxa4+ Kxa4 86. Kc1 Ka3 87. Kb1 Qe3 88. Rc1 Qd2 89. Rc2 Qd1+ 90. Rc1 Qd3+ 91. Rc2 Qe4 92. Kc1 Qe1# 0-1

[Event "December 5 Early 2023"]
[Site "https://www.chess.com"]
[Date "2023.12.05"]
[Round "8"]
[White "Derjabin, Ilja"]
[Black "Zivic, Dragan"]
[Result "0-1"]
[Board "106"]
[TimeControl "180+1"]
[WhiteFideId "14104768"]
[BlackFideId "904740"]
[WhiteElo "2520"]
[BlackElo "2348"]
[WhiteTeam "UKR"]
[BlackTeam "SRB"]
[WhiteClock "0:00:09"]
[BlackClock "0:00:14"]

1. d4 Nf6 2. c4 c5 3. d5 b5 4. e4 d6 5. cxb5 a6 6. Nc3 g6 7. Nf3 Bg7 8. bxa6 Qa5 9. Bd3 Bxa6 10. O-O O-O 11. Bxa6 Qxa6 12. e5 dxe5 13. Nxe5 Nfd7 14. Nf3 Nb6 15. Re1 Re8 16. Bg5 f6 17. Bf4 N8d7 18. Re6 Nf8 19. Rc6 Rac8 20. Bc7 Qb7 21. Nb5 Na8 22. a4 Nxc7 23. Rxc5 Na6 24. Rxc8 Rxc8 25. d6 Rd8 26. Qb3+ Kh8 27. Qf7 Rd7 28. Re1 exd6 29. Qe8 Kg8 30. Nfd4 Qb8 31. Qe4 d5 32. Qc2 Qd8 33. Nc6 Qb6 34. Re8 Qc5 35. Qxc5 Nxc5 36. a5 d4 37. Ncxd4 f5 38. b4 Bxd4 39. bxc5 Bxc5 40. g3 Rd1+ 41. Kg2 Ra1 42. Ra8 Ra2 43. a6 Rxf2+ 44. Kh3 Kg7 45. Nc7 Nd7 46. Ne6+ Kf6 47. Nxc5 Nxc5 48. a7 Kg5 49. Rh8 Ra2 50. a8=Q Rxa8 51. Rxa8 Ne6 52. Ra5 Kf6 53. Kg2 h5 54. h3 Ng5 55. Ra6+ Kg7 56. h4 Ne4 57. Kf3 Kh6 58. Kf4 Kg7 59. Ra7+ Kh6 60. Rb7 Nf6 61. Ke5 Ne4 62. Rb3 Kg7 63. Ke6 Nc5+ 64. Ke5 Nxb3 65. Kf4 Kf6 66. g4 fxg4 67. Kg3 Kf5 68. Kg2 Nd4 69. Kh2 Ne6 70. Kg3 Nf4 71. Kh2 Ke4 72. Kg3 Ne2+ 73. Kh2 Kf3 74. Kh1 Ng3+ 75. Kh2 Nf5 76. Kh1 Nxh4 77. Kh2 Nf5 78. Kh1 h4 79. Kh2 h3 80. Kh1 Kf2 81. Kh2 g3+ 82. Kxh3 g2 83. Kg4 g1=Q+ 84. Kf4 g5+ 85. Ke5 g4 0-1

[Event "December 5 Early 2023"]
[Site "https://www.chess.com"]
[Date "2023.12.05"]
[Round "8"]
[White "Gruzman, Ilya"]
[Black "Kotyk, Michael"]
[Result "1-0"]
[Board "107"]
[TimeControl "180+1"]
[WhiteFideId "2812703"]
[BlackFideId "16214501"]
[WhiteElo "2332"]
[BlackElo "2517"]
[WhiteTeam "ISR"]
[BlackTeam "GER"]
[WhiteClock "0:02:40"]
[BlackClock "0:00:41"]

1. e4 c5 2. c4 Nc6 3. Be2 g6 4. Nf3 Bg7 5. Nc3 d6 6. O-O Bg4 7. d3 Bxf3 8. Bxf3 Nd4 9. Be3 e6 10. Rb1 Ne7 11. Re1 Nec6 12. Be2 O-O 13. Bf1 a6 14. a3 b5 15. cxb5 axb5 16. Ne2 Nxe2+ 17. Bxe2 Nd4 18. Bxd4 Bxd4 19. Rf1 Qf6 20. Kh1 Bxb2 21. Qb3 Bd4 22. Qxb5 Rxa3 23. f4 Ra2 24. Bg4 Qh4 25. Bh3 Rfa8 26. f5 exf5 27. exf5 R2a7 28. fxg6 hxg6 29. Qc4 Be5 30. Qxh4 1-0

[Event "December 5 Early 2023"]
[Site "https://www.chess.com"]
[Date "2023.12.05"]
[Round "8"]
[White "Sami, Sama"]
[Black "Eugene, Floryan"]
[Result "0-1"]
[Board "108"]
[TimeControl "180+1"]
[WhiteFideId "4802926"]
[BlackFideId "20694784"]
[WhiteElo "2282"]
[BlackElo "2517"]
[WhiteTeam "IRQ"]
[BlackTeam "FRA"]
[WhiteClock "0:00:08"]
[BlackClock "0:00:25"]

1. e4 c5 2. Nf3 Nc6 3. Bb5 g6 4. Bxc6 dxc6 5. d3 Bg7 6. h3 e5 7. a4 a5 8. Na3 Qc7 9. Nc4 Ne7 10. Bd2 b6 11. Ncxe5 O-O 12. Nc4 Ba6 13. Rb1 Rad8 14. Qe2 Rfe8 15. O-O Nc8 16. Bg5 Rd7 17. g3 b5 18. Bf4 Qd8 19. axb5 cxb5 20. Ne3 Nb6 21. b3 Bb7 22. Rfd1 f5 23. e5 Nd5 24. Nxd5 Rxd5 25. Re1 Qb6 26. Ng5 h6 27. Nf3 Qc6 28. d4 cxd4 29. Rbd1 g5 30. Bc1 Rdxe5 31. Qd3 Rxe1+ 32. Rxe1 Rxe1+ 33. Nxe1 Qh1# 0-1

[Event "December 5 Early 2023"]
[Site "https://www.chess.com"]
[Date "2023.12.05"]
[Round "8"]
[White "GMVignirVatnar"]
[Black "Todorovic, Bojan"]
[Result "0-1"]
[Board "109"]
[TimeControl "180+1"]
[BlackFideId "917087"]
[WhiteElo "2749"]
[BlackElo "2431"]
[BlackTeam "SRB"]
[WhiteClock "0:00:00"]
[BlackClock "0:00:13"]

1. d4 g6 2. c4 Bg7 3. Nf3 d6 4. g3 Nf6 5. Bg2 O-O 6. O-O c6 7. Nc3 Qa5 8. h3 Qa6 9. b3 b5 10. Qd3 bxc4 11. bxc4 Be6 12. Nd2 Nbd7 13. e4 Nb6 14. e5 Nfd5 15. exd6 exd6 16. Nce4 Rfd8 17. Ba3 c5 18. dxc5 Bxa1 19. Rxa1 Nb4 20. Bxb4 dxc5 21. Nxc5 Rxd3 22. Nxa6 Rad8 23. Ne4 Nxc4 24. Nac5 Rd1+ 25. Rxd1 Rxd1+ 26. Kh2 a5 27. Bc3 Bf5 28. Nf6+ Kf8 29. g4 Bb1 30. a4 Bc2 31. Bd5 Nb6 32. Bc6 Ke7 33. Ng8+ Kd6 34. Bb5 Kxc5 35. Nf6 Nd5 36. Nxd5 Rxd5 37. Bxa5 f5 38. Kg3 fxg4 39. hxg4 h6 40. Bc3 h5 41. f3 hxg4 42. Kxg4 Bd1 43. Bg7 Rf5 44. Kg3 Bxf3 45. Bb2 Bc6 46. Ba3+ Kb6 47. Bd3 Ra5 48. Bc1 Be8 49. Be3+ Kb7 50. Bd2 Rxa4 51. Kf2 Ra2 52. Ke2 Bc6 53. Bxg6 Bb5+ 54. Bd3 Bxd3+ 55. Kxd3 Kc6 56. Bc3 Kd5 57. Bd2 Ra3+ 58. Ke2 Ke4 59. Be1 Ra2+ 60. Kf1 Kf3 61. Bd2 Rxd2 0-1

[Event "December 5 Early 2023"]
[Site "https://www.chess.com"]
[Date "2023.12.05"]
[Round "8"]
[White "Pakleza, Zbigniew"]
[Black "Can, Melih Kaan"]
[Result "1-0"]
[Board "110"]
[TimeControl "180+1"]
[WhiteFideId "1119290"]
[BlackFideId "6317383"]
[WhiteElo "2681"]
[BlackElo "2431"]
[WhiteTeam "POL"]
[BlackTeam "TUR"]
[WhiteClock "0:02:39"]
[BlackClock "0:00:51"]

1. d4 Nf6 2. Nf3 d5 3. Bf4 e6 4. Nbd2 Be7 5. e3 c6 6. h3 Nbd7 7. Bd3 b6 8. c4 Bb7 9. O-O O-O 10. cxd5 cxd5 11. Qa4 Ne4 12. Rfc1 g5 13. Bc7 Qe8 14. Bb5 Bc8 15. Nxe4 dxe4 16. Ne5 a6 17. Bxd7 Bxd7 18. Qxd7 Qxd7 19. Nxd7 Rfc8 20. Nxb6 Re8 21. Nxa8 Rxa8 1-0

[Event "December 5 Early 2023"]
[Site "https://www.chess.com"]
[Date "2023.12.05"]
[Round "8"]
[White "Gubajdullin, Alexei"]
[Black "Kovalyov, Eduard"]
[Result "1-0"]
[Board "111"]
[TimeControl "180+1"]
[WhiteFideId "4141202"]
[BlackFideId "14118033"]
[WhiteElo "2616"]
[BlackElo "2425"]
[WhiteTeam "RUS"]
[BlackTeam "UKR"]
[WhiteClock "0:00:13"]
[BlackClock "0:00:04"]

1. d4 Nf6 2. Nf3 g6 3. Bf4 Bg7 4. e3 O-O 5. Be2 d6 6. O-O c5 7. c3 Qb6 8. Qb3 Be6 9. Qxb6 axb6 10. a3 Bd5 11. h3 Nbd7 12. Nbd2 cxd4 13. exd4 Rfe8 14. Rfe1 e5 15. dxe5 dxe5 16. Be3 Bc6 17. Nc4 Nd5 18. Bd2 f5 19. Ne3 Nf4 20. Bc4+ Kh8 21. Ng5 h6 22. Nf7+ Kh7 23. Nd6 Re7 24. h4 Rd8 25. Nexf5 gxf5 26. Bxf4 Bf6 27. Nxf5 Ree8 28. Bxh6 Nc5 29. Bf7 Rh8 30. h5 Be4 31. Bg6+ Kg8 32. Be3 Bxf5 33. Bxf5 Rxh5 34. Bg6 Rh4 35. Rad1 Kg7 36. Rxd8 Bxd8 37. Bc2 Kf6 38. Rd1 Be7 39. b4 Ne4 40. g3 Rg4 41. Bxe4 Rxe4 42. Bxb6 Re2 43. a4 Rc2 44. Rd7 Rxc3 45. Rxb7 Rb3 46. b5 Ke6 47. Be3 Bb4 48. Ra7 Bc3 49. b6 Kd5 50. a5 Kc6 51. a6 Bd4 52. b7 Bxa7 53. Bxa7 Kc7 54. b8=Q+ Rxb8 55. Bxb8+ Kxb8 56. Kg2 Ka7 57. Kf3 Kxa6 58. Ke4 1-0

[Event "December 5 Early 2023"]
[Site "https://www.chess.com"]
[Date "2023.12.05"]
[Round "8"]
[White "Begunov, Konstantin"]
[Black "Kotlyar, Kirill"]
[Result "1-0"]
[Board "112"]
[TimeControl "180+1"]
[WhiteFideId "4118510"]
[BlackFideId "24145599"]
[WhiteElo "2424"]
[BlackElo "2608"]
[WhiteTeam "RUS"]
[BlackTeam "RUS"]
[WhiteClock "0:00:17"]
[BlackClock "0:00:11"]

1. d4 Nf6 2. c4 g6 3. f3 d5 4. cxd5 Nxd5 5. e4 Nb6 6. Nc3 Bg7 7. Be3 O-O 8. Qd2 f5 9. e5 Be6 10. O-O-O c6 11. Nh3 Bd5 12. Nf4 Qd7 13. Kb1 Na6 14. Ncxd5 Nxd5 15. Nxd5 cxd5 16. Rc1 Nc7 17. Qb4 Rfb8 18. Be2 a5 19. Qb6 Ne8 20. Bb5 Qd8 21. Qe6+ Kh8 22. h4 Nc7 23. Rxc7 Qxc7 24. h5 gxh5 25. Rxh5 Qc8 26. Bd7 Qg8 27. Qxf5 Rf8 28. Qh3 Ra6 29. Bf5 Rxf5 30. Qxf5 Bf8 31. Rg5 Rg6 32. Rxg6 hxg6 33. Qh3+ Kg7 34. Bh6+ Kf7 35. e6+ Ke8 36. Bxf8 Qxf8 37. Qg4 Qf6 38. Kc2 b5 39. Kd3 Kd8 40. Ke3 Kc7 41. Qf4+ Qxf4+ 42. Kxf4 Kd6 43. Kg5 Kxe6 44. Kxg6 Kd6 45. f4 Ke6 46. g4 b4 47. b3 Kd7 48. Kf7 Kd6 49. g5 Kd7 50. g6 e5 51. fxe5 1-0

[Event "December 5 Early 2023"]
[Site "https://www.chess.com"]
[Date "2023.12.05"]
[Round "8"]
[White "Yezhel, Valiantsin"]
[Black "Balla, Tamas-Kristof"]
[Result "1-0"]
[Board "113"]
[TimeControl "180+1"]
[WhiteFideId "13504983"]
[BlackFideId "1208497"]
[WhiteElo "2567"]
[BlackElo "2417"]
[WhiteTeam "FID"]
[BlackTeam "ROU"]
[WhiteClock "0:00:46"]
[BlackClock "0:00:09"]

1. d4 d5 2. Bf4 Nf6 3. e3 e6 4. Nf3 Bd6 5. Bg3 O-O 6. Bd3 b6 7. O-O c5 8. c3 Ba6 9. Bxd6 Qxd6 10. Ne5 Bxd3 11. Qxd3 Nc6 12. f4 Nd7 13. Nd2 f6 14. Nxd7 Qxd7 15. dxc5 bxc5 16. e4 d4 17. cxd4 cxd4 18. a3 e5 19. Rac1 Kh8 20. f5 Rab8 21. b4 Rfc8 22. Rc5 Ne7 23. Rfc1 Rxc5 24. Rxc5 Rc8 25. Nb3 h6 26. Qc4 Rxc5 27. Nxc5 Qc6 28. b5 Qb6 29. a4 Qa5 30. h3 Qe1+ 31. Kh2 Qf2 32. Qd3 Qf4+ 33. Qg3 Qc1 34. Ne6 g5 35. Qf3 Qc8 36. Qh5 Ng8 37. Qf7 1-0

[Event "December 5 Early 2023"]
[Site "https://www.chess.com"]
[Date "2023.12.05"]
[Round "8"]
[White "Matthes, Aaron"]
[Black "Jaskolka, Tomasz"]
[Result "0-1"]
[Board "114"]
[TimeControl "180+1"]
[WhiteFideId "16227310"]
[BlackFideId "1170791"]
[WhiteElo "2415"]
[BlackElo "2539"]
[WhiteTeam "GER"]
[BlackTeam "POL"]
[WhiteClock "0:00:07"]
[BlackClock "0:01:38"]

1. Nf3 f5 2. g3 Nf6 3. Bg2 e6 4. O-O d6 5. d3 Be7 6. Re1 O-O 7. e4 fxe4 8. dxe4 e5 9. Nc3 c6 10. Be3 Bg4 11. Qd2 Nxe4 12. Nxe4 Bxf3 13. Bxf3 Rxf3 14. Bg5 d5 15. Bxe7 Qxe7 16. Ng5 Rf5 17. h4 Nd7 18. Qd3 Raf8 19. g4 Rxg5 20. hxg5 Qxg5 21. Re3 e4 22. Qb3 Qxg4+ 23. Rg3 Qf4 24. Rf1 b5 25. Qc3 Ne5 26. Qd4 Nf3+ 27. Rxf3 exf3 28. Qxf4 Rxf4 29. Rd1 Kf7 30. Kh2 g5 31. Kg3 h5 32. Rd3 d4 33. Ra3 c5 34. Rxa7+ Ke6 35. Rb7 b4 36. a4 bxa3 37. bxa3 c4 38. a4 d3 39. cxd3 cxd3 40. Rb3 Rd4 41. Rb1 d2 42. Rd1 g4 43. a5 Kd5 44. a6 Kc6 45. a7 Kb7 46. Kh4 Rd5 47. Ra1 Ka8 48. Rd1 Kxa7 49. Kg3 Kb6 50. Kf4 Kc5 51. Ke4 Rd8 52. Ke5 Kc4 53. Ke4 Kc3 0-1

[Event "December 5 Early 2023"]
[Site "https://www.chess.com"]
[Date "2023.12.05"]
[Round "8"]
[White "Bochnicka, Vladimir"]
[Black "Sharapov, Evgeny"]
[Result "1-0"]
[Board "115"]
[TimeControl "180+1"]
[WhiteFideId "14943450"]
[BlackFideId "14103133"]
[WhiteElo "2412"]
[BlackElo "2538"]
[WhiteTeam "SVK"]
[BlackTeam "UKR"]
[WhiteClock "0:01:27"]
[BlackClock "0:01:03"]

1. e4 c5 2. Nf3 d6 3. d4 cxd4 4. Nxd4 Nf6 5. Nc3 Nc6 6. f3 e5 7. Nb3 Be7 8. Nd5 Nxd5 9. exd5 Nb8 10. Be2 O-O 11. Be3 a5 12. a4 f5 13. O-O Nd7 14. c4 Qc7 15. Rc1 b6 16. Nd2 Nc5 17. Nb1 Bd7 18. Nc3 Rae8 19. Kh1 Bf6 20. b3 e4 21. f4 Qd8 22. Rg1 Qe7 23. g4 fxg4 24. Bxg4 Bxg4 25. Qxg4 Nd3 26. Rc2 Nc5 27. Nb5 Rf7 28. Nd4 Bxd4 29. Bxd4 e3 30. Rcg2 e2 31. Bxg7 h5 32. Qxh5 Rxg7 33. Rxg7+ Qxg7 34. Qxe8+ Kh7 35. Rxg7+ Kxg7 36. Qxe2 1-0